 Dungeon Crawl Stone Soup version 0.30-b1-2-g02819fbbbe (webtiles) character file.

Game seed: 6842555266538117849

77 Mesmaeker13 the Digger (level 3, -2/26 HPs)
             Began as a Demigod Earth Elementalist on June 22, 2023.
             Slain by Terence
             ... wielding a +0 falchion
              (6 damage)
             ... on level 2 of the Dungeon.
             The game lasted 00:02:46 (1464 turns).

Mesmaeker13 the Digger (Demigod Earth Elementalist) Turns: 1464, Time: 00:02:47

Health: -2/26      AC:  5    Str:  9    XL:     3   Next: 91%
Magic:  0/9        EV: 12    Int: 21    God:
Gold:   103        SH:  0    Dex: 14    Spells: 5/6 levels left

rFire   . . .        h - +0 dagger (freeze)
rCold   . . .        (no shield)
rNeg    . . .        j - +0 leather armour
rPois   .            k - +0 helmet
rElec   .            e - +0 cloak
rCorr   .            (no gloves)
SInv    .            (no boots)
Will    .....        (no amulet)
Stlth   ++           (no ring)
HPRegen 0.24/turn    (no ring)
MPRegen 0.11/turn

%: no passive effects
@: no status effects
A: high MP 1, forlorn, divine attributes
a: no special abilities


You were on level 2 of the Dungeon.
You visited 1 branch of the dungeon, and saw 2 of its levels.

You collected 103 gold pieces.

Inventory:

Hand Weapons
 h - a +0 dagger of freezing (weapon)
Armour
 e - a +0 cloak (worn)
 j - a +0 leather armour (worn)
 k - a +0 helmet (worn)
Scrolls
 c - a scroll of poison
 f - a scroll of fog
 i - a scroll of identify
Potions
 a - a potion of attraction {unknown}
 b - a potion of magic
 g - a potion of mutation {unknown}


   Skills:
 + Level 0.6 Armour
 - Level 2.2 Dodging
 - Level 2.3 Stealth
 + Level 2.3 Spellcasting
 - Level 1.5 Transmutations
 + Level 3.2 Earth Magic


You had 5 spell levels left.
You knew the following spells:

 Your Spells              Type           Power      Damage    Failure   Level
a - Sandblast             Erth           32%        2d9       5%          1

Your spell library contained the following spells:

 Spells                   Type           Power      Damage    Failure   Level
 Passwall                 Tmut/Erth      10%        N/A       11%         2
 Stone Arrow              Conj/Erth      18%        3d8       30%         3
 Petrify                  Tmut/Erth      12%        N/A       58%         4


Dungeon Overview and Level Annotations

Branches:
Dungeon (2/15)

Annotations:
D:2 Terence


Innate Abilities, Weirdness & Mutations

You have an increased reservoir of magic. (+10% MP)
You shall have no god before yourself.
Your divine heritage dramatically boosts your attributes as you level up.


Message History

Press: ? - help, Shift-Dir - straight line, f/p - Terence
Aim: Terence, wielding a +0 falchion and wearing a +2 chain mail of poison resistance (severely wounded, 87% to hit)
The blast of sand hits Terence but does no damage.
Terence is severely wounded.
Terence misses you. Terence hits you but does no damage.
Casting: Sandblast (safe; 5% risk of failure)
Confirm with . or Enter, or press ? or * to list all spells.
Aiming: Sandblast (safe; 5% risk of failure)
Press: ? - help, Shift-Dir - straight line, f/p - Terence
Aim: Terence, wielding a +0 falchion and wearing a +2 chain mail of poison resistance (severely wounded, 87% to hit)
The blast of sand hits Terence but does no damage.
Terence is severely wounded.
Terence barely misses you.
Casting: Sandblast (safe; 5% risk of failure)
Confirm with . or Enter, or press ? or * to list all spells.
You don't have enough magic to cast this spell.
Unknown command.
As you read the scroll labelled FOXYPRE WIHU, it crumbles to dust.
It is a scroll of identify.
c - a scroll of poison Terence says, "Did you write a will?
You should..."
Terence hits you with a +0 falchion.
As you read the scroll of identify, it crumbles to dust.
f - a scroll of fog Terence hits you with a +0 falchion.
Okay, then.
Okay, then.
You hit Terence but do no damage.
Terence is severely wounded.
Terence hits you with a +0 falchion.
* * * LOW HITPOINT WARNING * * *
Casting: Sandblast (safe; 5% risk of failure)
Confirm with . or Enter, or press ? or * to list all spells.
Aiming: Sandblast (safe; 5% risk of failure)
Press: ? - help, Shift-Dir - straight line, f/p - Terence
Aim: Terence, wielding a +0 falchion and wearing a +2 chain mail of poison resistance (severely wounded, 87% to hit)
The blast of sand hits Terence but does no damage.
Terence is severely wounded.
Terence hits you with a +0 falchion.
You die...

# # ####### # #.....#
######## #.....#
##.....###.....#
##.#...........#
##.#.#.###.##### ######
##)#.#.....#######....#...
................@@...((.((
<#.#.#.....<######....####
##.#.#.#.#### ###....#
............# .##.#
##.###.#....####### # #
##...#.####..##...
.....#........#.########
##########..#.).........
....†......†###


You could see Terence.

Vanquished Creatures
  Natasha (D:2)
  An adder (D:2)
  4 dart slugs
  A bat (D:1)
  4 endoplasms
  2 giant cockroaches (D:1)
  3 goblins
  2 hobgoblins (D:1)
  4 jackals (D:1)
  2 quokkas (D:1)
  3 ball pythons
  3 frilled lizards
  2 kobolds
  A rat (D:2)
33 creatures vanquished.

Notes
Turn   | Place    | Note
-------+----------+-------------------------------------------
     0 | D:1      | Mesmaeker13 the Demigod Earth Elementalist began the quest
                  | for the Orb.
     0 | D:1      | Reached XP level 1. HP: 14/14 MP: 5/5
    99 | D:1      | Reached skill level 1 in Transmutations
   333 | D:1      | Reached XP level 2. HP: 20/20 MP: 1/7
   882 | D:1      | Reached skill level 3 in Earth Magic
   882 | D:1      | Reached XP level 3. HP: 26/26 MP: 6/8
  1391 | D:2      | Noticed Natasha
  1396 | D:2      | Killed Natasha
  1443 | D:2      | Noticed Terence
  1464 | D:2      | Slain by Terence

Illustrated notes

Levels and vault maps discovered:
D:1:      matt_arrival_grand_opening, layout_loops_ring
D:2:      layout_basic, minivault_26, grunt_ministairs_10, uniq_natasha,
          uniq_terence

Skill      XL: |  1  2 |
---------------+-------+-----
Transmutations | 1 |  1.5
Stealth        | 2 |  2.3
Dodging        | 2 |  2.2
Spellcasting   | 2 |  2.3
Earth Magic    | 3 |  3.2
Armour         | |  0.6

Action                     || total
---------------------------++-------
  Melee: Dagger            ||     9
  Throw: Dart              ||     4
   Cast: Sandblast         ||    66
    Use: Scroll            ||     2
 Armour: Robe              ||     4
         Leather armour    ||     2
  Dodge: Dodged            ||    31
